 Dungeon Sprint DCSS version 0.31-a0-460-g9e667d4245 (webtiles) character file.

Game seed: 8376509770465922903

1003 rocky1 the Martial Artist (level 8, -2/52 HPs)
             Began as an Octopode Shapeshifter on Aug 5, 2023.
             Was an Initiate of Gozag.
             Engulfed by a cloud of steam (8 damage)
             ... in the Dungeon (Sprint IX: "|||||||||||||||||||||||||||||").
             The game lasted 00:01:43 (882 turns).

rocky1 the Martial Artist (Octopode Shapeshifter)    Turns: 882, Time: 00:01:44

Health: -2/52      AC:  3    Str: 14    XL:     8   Next: 20%
Magic:  8/8        EV: 16    Int: 10    God:    Gozag
Gold:   0          SH:  0    Dex: 18    Spells: 7/7 levels left

rFire   . .          .
                       - Unarmed
rCold   . . .        (no shield)
rNeg    . . .        (helmet currently unavailable)
rPois   .            (no amulet)
rElec   .            l - +3 ring of dexterity
rCorr   .            m - +2 ring of protection
SInv    .            (no ring)
Will    .....        (no ring)
Stlth   +++          (no ring)
HPRegen 0.28/turn    (no ring)
MPRegen 0.11/turn    (no ring)
                     (no ring)

%: no teleportation
@: beast-form, gold aura
A: beast (slay +7), almost no armour, amphibious, 8 rings, camouflage 1,
gelatinous body 1, (nimble swimmer 1), tentacles
a: Begin Untransformation, Renounce Religion, Potion Petition, Call Merchant,
Bribe Branch


You were in the Dungeon.
You worshipped Gozag.
Gozag was noncommittal.
You were a hulking beast.
You visited 1 branch

Inventory:

Jewellery
 l - a +3 ring of dexterity (left tentacle)
 m - a +2 ring of protection (right tentacle)
Talismans
 b - a beast talisman (active)
Wands
 k - a wand of roots (10)
Scrolls
 h - 2 scrolls of blinking
 j - 2 scrolls of amnesia
Potions
 a - a potion of lignification
 c - 4 potions of curing
 d - a potion of invisibility
 f - 4 potions of magic
 g - a potion of berserk rage


   Skills:
 * Level 3.1 Fighting
 + Level 5.6 Dodging
 + Level 2.7 Stealth
 * Level 11.7 Unarmed Combat
 - Level 10.3 Shapeshifting


You had 7 spell levels left.
You didn't know any spells.
Your spell library was empty.

Dungeon Overview and Level Annotations

Branches:
Dungeon (1/1)

Altars:
Cheibriados
Dithmenos
Elyvilon
Fedhas
Gozag
Hepliaklqana
Kikubaaqudgha
Makhleb
Nemelex Xobeh
Okawaru
Qazlal
Ru
Sif Muna
Trog
Uskayaw
Vehumet
Wu Jian
Xom
Yredelemnul
Zin
The Shining One
Jiyva
Lugonu


Innate Abilities, Weirdness & Mutations

You are a hulking beast.
Your limbs bulge with bestial killing power. (Slay +7)
You cannot wear most types of armour.
You are amphibious.
You can wear up to eight rings at the same time.
Your skin changes colour to match your surroundings (Stealth+).
Your rubbery body absorbs attacks. (AC +1, EV +1)
((You are camouflaged when in or above water. (Stealth+)))
You have tentacles for arms and can constrict up to eight enemies at once.


Message History

HP restored.
You start waiting.
You start waiting.
You start waiting.
Done waiting.
Unknown command.
Unknown command.
Unknown command.
You open the door.
There is an open door to the Dungeon, spattered with blood here.
The steam dragon closely misses you. The steam dragon claws you.
You see here 225 gold pieces.
You closely miss the steam dragon.
The yak bellows!
You barely miss the steam dragon.
The orc warrior shouts!
You tentacle-slap the steam dragon. You squeeze the steam dragon!
The steam dragon is heavily wounded.
The steam dragon bites you! The steam dragon claws you.
You bludgeon the steam dragon!
The steam dragon is almost dead.
The steam dragon breathes steam at you. The ball of steam misses you.
You closely miss the steam dragon.
The steam dragon is almost dead.
You are engulfed in a cloud of scalding steam.
The steam dragon barely misses you. The steam dragon misses you.
You bludgeon the steam dragon!
You kill the steam dragon!
You are engulfed in a cloud of scalding steam.
Your Fighting skill increases to level 3!
Unknown command.
You are engulfed in a cloud of scalding steam.
The yak is engulfed in a cloud of scalding steam.
There is an open door to the Dungeon, spattered with blood here.
The yak attacks as you move away! The yak gores you!
* * * LOW HITPOINT WARNING * * *
You are engulfed in a cloud of scalding steam.
You die...
Your body crumbles into a pile of gold. ▓▓▓▓▓▓▓▓▓▓▓▓▓▓▓▓▓▓▓▓▓▓▓▓▓ _______'..).[[[§h§Y§o...+ ▓▓▓▓▓▓▓▓▓▓▓▓▓▓▓▓▓▓▓▓▓▓▓▓▓ $ $ $$$$$$ $$$$$ $ $ $ $$$$$

You could see a yak.

Vanquished Creatures
  A two-headed ogre (D)
  A vampire mosquito (D)
  A steam dragon (D)
  A black bear (D)
  A killer bee (D)
  A hound (D)
  An adder (D)
  2 orcs (D)
  A ball python (D)
  A bat (D)
  A jackal (D)
  A kobold (D)
  A rat (D)
14 creatures vanquished.

Notes
Turn   | Place    | Note
-------+----------+-------------------------------------------
     0 | D        | rocky1 the Octopode Shapeshifter began the quest for the
                  | Orb.
     0 | D        | Reached XP level 1. HP: 13/13 MP: 1/1
   128 | D        | Noticed a hound
   128 | D        | Noticed a black bear
   132 | D        | Reached XP level 2. HP: 13/18 MP: 2/2
   134 | D        | Reached skill level 4 in Unarmed Combat
   134 | D        | Reached skill level 5 in Shapeshifting
   134 | D        | Reached XP level 3. HP: 12/23 MP: 3/3
   135 | D        | Killed a black bear
   136 | D        | Reached skill level 6 in Unarmed Combat
   136 | D        | Reached XP level 4. HP: 5/28 MP: 4/4
   136 | D        | Reached XP level 5. HP: 6/33 MP: 5/5
   394 | D        | Found a snail-covered altar of Cheibriados.
   394 | D        | Found a shadowy altar of Dithmenos.
   394 | D        | Found a white marble altar of Elyvilon.
   394 | D        | Found a blossoming altar of Fedhas.
   394 | D        | Found an opulent altar of Gozag.
   395 | D        | Found a hazy altar of Hepliaklqana.
   396 | D        | Found a viscous altar of Jiyva.
   397 | D        | Found an ancient bone altar of Kikubaaqudgha.
   398 | D        | Found a corrupted altar of Lugonu.
   399 | D        | Found a burning altar of Makhleb.
   400 | D        | Found a sparkling altar of Nemelex Xobeh.
   401 | D        | Found an iron altar of Okawaru.
   402 | D        | Found a stormy altar of Qazlal.
   403 | D        | Found a sacrificial altar of Ru.
   404 | D        | Found a shimmering blue altar of Sif Muna.
   405 | D        | Found a bloodstained altar of Trog.
   406 | D        | Found a hide-covered altar of Uskayaw.
   407 | D        | Found a radiant altar of Vehumet.
   408 | D        | Found an ornate altar of the Wu Jian Council.
   409 | D        | Found a shimmering altar of Xom.
   410 | D        | Found a basalt altar of Yredelemnul.
   411 | D        | Found a glowing silver altar of Zin.
   412 | D        | Found a glowing golden altar of the Shining One.
   426 | D        | Became a worshipper of Gozag Ym Sagoz the Greedy
   475 | D        | Noticed a vampire mosquito
   475 | D        | Noticed a two-headed ogre
   475 | D        | Noticed a steam dragon
   475 | D        | Noticed an orc warrior
   475 | D        | Noticed a yak
   479 | D        | Killed a vampire mosquito
   480 | D        | Reached skill level 1 in Stealth
   480 | D        | Reached skill level 8 in Unarmed Combat
   480 | D        | Reached XP level 6. HP: 23/38 MP: 6/6
   493 | D        | Killed a two-headed ogre
   494 | D        | Reached skill level 5 in Dodging
   494 | D        | Reached skill level 11 in Unarmed Combat
   494 | D        | Reached skill level 10 in Shapeshifting
   494 | D        | Reached XP level 7. HP: 17/45 MP: 7/7
   494 | D        | Reached XP level 8. HP: 19/51 MP: 8/8
   882 | D        | Engulfed by a cloud of steam

Illustrated notes

Levels and vault maps discovered:
D:        linesprint [early_d, line_temple, items_1, d_10, items_2, lair_1,
          lair_end, items_3, orc_1, orc_end, items_4, d_15, swamp_1, shoals_1,
          snake_1, spider_1, d_20, vaults_1, items_5, swamp_end, shoals_end,
          snake_end, spider_end, vaults_end, d_27, items_6, zot_1, zot_end,
          crypt_end, forest_end, elf_end, slime_end, tomb_end, abyss_end,
          pan_hell_end]

Skill      XL: |  1  2  3  4  5  6  7  8 |
---------------+-------------------------+-----
Shapeshifting  | 4 5 6 8 10 | 10.3
Unarmed Combat | 4 6 8 11 | 11.7
Dodging        | 3 4 5 |  5.6
Stealth        | 1 2 |  2.7
Fighting       | 2 3 |  3.1

Action                     |  1- 3 |  4- 6 |  7- 9 || total
---------------------------+-------+-------+-------++-------
  Melee: Unarmed           |    16 |    19 |     6 ||    41
         Constrict         |     6 |     3 |       ||     9
         Tentacles         |     5 |     5 |     1 ||    11
         Punch             |       |     2 |       ||     2
    Use: Potion            |       |     5 |       ||     5
 Armour: Skin              |     2 |     2 |       ||     4
  Dodge: Dodged            |     9 |     5 |     4 ||    18

Table legend: (Time is in decaauts)
 A = Elapsed time spent in this place.
 B = Non-inter-level travel time spent in this place.
 C = Inter-level travel time spent in this place.
 D = Time resting spent in this place.
 E = Time spent auto-exploring this place.
 F = Levels seen in this place.
 G = Mean time per level.
                   A        B        C        D        E       F      G
               +--------+--------+--------+--------+--------+-----+--------+
         Total |    856 |    856 |      0 |    717 |      0 |   1 |  856.0 |
       Dungeon |    856 |    856 |      0 |    717 |      0 |   1 |  856.0 |
               +--------+--------+--------+--------+--------+-----+--------+

Top non-repeatable levels by time:
       D: 856 daAuts
